 Dungeon Crawl Stone Soup version 0.31.0-11-ge490571c62 (webtiles) character file.

Game seed: 1068516977034905738

5623 groovy9 the Carver (level 10, -1/93 HPs)
             Began as a Minotaur Fighter on Jan 26, 2024.
             Was an Initiate of Cheibriados.
             Slain by an acid dragon (4 damage)
             ... on level 8 of the Dungeon.
             The game lasted 00:24:28 (7812 turns).

groovy9 the Carver (Minotaur Fighter)               Turns: 7812, Time: 00:24:28

Health: -1/93      AC:  5    Str: 23    XL:     10   Next: 46%
Magic:  9/9        EV: 11    Int:  6    God:    Cheibriados [......]
Gold:   1500       SH:  5    Dex: 14    Spells: 9/9 levels left

rFire   . . .        F - +5 scimitar
rCold   . . .        c - +0 buckler
rNeg    . . .        j - +0 plate armour
rPois   .            m - +0 hat
rElec   .            (no cloak)
rCorr   .            k - +1 pair of gloves {hurl}
SInv    +            (no boots)
Will    .....        f - amulet of the acrobat Stlth
                     e - +5 ring of evasion
HPRegen 0.35/turn    i - ring of see invisible
MPRegen 0.11/turn

%: acrobat
@: corroded, very slow
A: horns 2, retaliatory headbutt
a: Renounce Religion


You were on level 8 of the Dungeon.
You worshipped Cheibriados.
Cheibriados was noncommittal.
You visited 2 branches of the dungeon, and saw 10 of its levels.
You also visited: Ossuary.

You collected 1500 gold pieces.

Inventory:

Hand Weapons
 F - a +5 scimitar (weapon)
Missiles
 y - 4 stones (quivered)
 z - 2 curare-tipped darts
 A - 9 poisoned darts
Armour
 a - the +0 leather armour of the Arcane {rElec}
   (You found it on level 8 of the Dungeon)

   rElec:     It insulates you from electricity.
 c - a +0 buckler (worn)
 j - a +0 plate armour (worn)
 k - a +1 pair of gloves of hurling (worn)
 m - a +0 hat (worn)
Jewellery
 e - a +5 ring of evasion (left hand)
 f - an amulet of the acrobat (around neck)
 i - a ring of see invisible (right hand)
 v - a ring of protection from cold
 C - a +5 ring of evasion
Wands
 l - a wand of quicksilver (41)
 D - a wand of charming (9)
Scrolls
 b - a scroll of blinking
 h - a scroll of enchant weapon
 u - 2 scrolls of revelation
 w - 5 scrolls of teleportation
 E - a scroll of torment {unknown}
 G - a scroll of amnesia
 I - a scroll of enchant armour {unknown}
Potions
 d - 5 potions of brilliance
 g - a potion of magic
 n - 2 potions of resistance
 o - 4 potions of invisibility
 p - a potion of ambrosia
 q - a potion of heal wounds {unknown}
 r - 2 potions of curing
 s - 2 potions of enlightenment
 t - 5 potions of mutation
 x - a potion of lignification {unknown}
 H - a potion of degeneration {unknown}


   Skills:
 + Level 10.2 Fighting
 * Level 13.5 Long Blades
 + Level 7.5 Throwing
 - Level 3.6 Armour
 - Level 3.6 Shields


You had 9 spell levels left.
You didn't know any spells.
Your spell library contained the following spells:

 Spells                   Type           Power      Damage    Failure   Level
 Slow                     Hex            0%         N/A       100%        1
 Ensorcelled Hibernation  Hex/Ice        0%         N/A       100%        2
 Confusing Touch          Hex            0%         N/A       100%        3
 Fugue of the Fallen      Necr           0%         N/A       100%        3
 Sigil of Binding         Hex            0%         N/A       100%        3
 Tukima's Dance           Hex            0%         N/A       100%        3
 Vampiric Draining        Necr           0%         2d6       100%        3
 Anguish                  Hex/Necr       0%         N/A       100%        4
 Passage of Golubria      Tloc           0%         N/A       100%        4
 Summon Forest            Summ/Tloc      0%         N/A       100%        5
 Summon Mana Viper        Hex/Summ       0%         N/A       100%        5
 Yara's Violent Unravell  Hex/Alch       0%         3d3       100%        5
 Summon Cactus Giant      Summ           0%         N/A       100%        6


Dungeon Overview and Level Annotations

Branches:
Dungeon (9/15)             Temple (1/1) D:5         Ossuary (visited)
   Lair: D:8-11         Orc: D:9-12

Altars:
Ashenzari
Cheibriados
Dithmenos
Elyvilon
Fedhas
Gozag
Hepliaklqana
Kikubaaqudgha
Makhleb
Nemelex Xobeh
Okawaru
Qazlal
Ru
Sif Muna
Trog
Vehumet
Wu Jian
Xom
Yredelemnul
Zin
The Shining One

Shops:
D:3 :

Annotations:
D:5 1 runed translucent door


Innate Abilities, Weirdness & Mutations

You have a pair of horns on your head.
You reflexively headbutt those who attack you in melee.


Message History

The yak closely misses you. You furiously retaliate!
You headbutt the yak.
You hear a shout!
You climb upwards.
There is a stone staircase leading down here.
You hit the yak but do no damage.
The yak is heavily wounded.
The yak gores you.
* * * LOW HITPOINT WARNING * * *
The acid dragon closely misses you. You furiously retaliate!
You headbutt the acid dragon, but do no damage.
You block the acid dragon's attack. The yak gores you but does no damage.
You slash the yak!
The yak is almost dead.
The yak barely misses you. You furiously retaliate!
You headbutt the yak!
You kill the yak!
Cheibriados appreciates the change of pace.
The acid dragon bites you!
* * * LOW HITPOINT WARNING * * *
You block the acid dragon's attack. The yak closely misses you.
You furiously retaliate!
You headbutt the yak, but do no damage. You slash the acid dragon!
The acid dragon is moderately wounded.
The acid dragon bites you but does no damage.
The acid dragon barely misses you.
You closely miss the acid dragon. Your headbutt misses the acid dragon.
The acid dragon is moderately wounded.
You block the yak's attack.
You hit the acid dragon.
The acid dragon is heavily wounded.
The acid dragon bites you!
* * * LOW HITPOINT WARNING * * *
The acid dragon claws you.
* * * LOW HITPOINT WARNING * * *
The yak gores you but does no damage.
Okay, then.
Unknown command.
You hit the acid dragon but do no damage.
The acid dragon is heavily wounded.
The acid dragon bites you.
You die...

######### ########.......###
##.#..............###
#...................##
#....D†..............#
#....@Y..[.........###
#.......####..######
#......####..## #.....## #..##
#....## ##.###########
##...#####............# ##
#...##................# .####
##...##................#
....######...####..............##


You could see a yak and an acid dragon.

Vanquished Creatures
  The ghost of zenocrate the Covert, a novice VSEn of Gozag (D:8)
  Pikel (D:8)
  Sigmund (D:2)
  9 yaks
  A wraith (D:9)
  Menkaure (D:6)
  An acid dragon (D:8)
  Duvessa (D:7)
  2 sky beasts
  An ice beast (D:2)
  4 centaurs
  An ogre (D:6)
  2 kobold brigands
  A phantom (D:4)
  3 bullfrogs
  A scorpion (D:6)
  2 gnoll sergeants
  5 wights
  2 burial acolytes (Ossuary)
  Dowan (D:7)
  2 bombardier beetles (D:3)
  A howler monkey (D:5)
  A human zombie (D:5)
  2 jellies
  4 hounds
  A gnoll bouda (D:6)
  Ijyb (D:5)
  A sleepcap (D:8)
  2 human skeletons (D:5)
  5 orc wizards
  2 iguanas (D:5)
  A hound skeleton (D:3)
  Robin (D:2)
  8 gnolls
  9 adders
  A shadow imp (D:7)
  3 white imps
  4 ufetubi (D:6)
  4 adder skeletons
  An adder zombie (D:3)
  A dart slug (D:2)
  A ribbon worm (D:4)
  24 orcs
  9 ball pythons
  4 endoplasms
  6 giant cockroaches
  7 hobgoblins
  2 jackals (D:4)
  4 quokkas
  3 ball python skeletons
  6 bats
  13 goblins
  2 hobgoblin skeletons (Ossuary)
  11 kobolds
  A kobold skeleton (Ossuary)
  3 orc skeletons (Ossuary)
  A quokka skeleton (D:3)
  5 rats
198 creatures vanquished.

Vanquished Creatures (collateral kills)
  A scorpion zombie (D:3)
1 creature vanquished.

Grand Total: 199 creatures vanquished

Notes
Turn   | Place    | Note
-------+----------+-------------------------------------------
     0 | D:1      | groovy9 the Minotaur Fighter began the quest for the Orb.
     0 | D:1      | Reached XP level 1. HP: 19/19 MP: 0/0
   105 | D:1      | Reached skill level 3 in Long Blades
   153 | D:1      | Reached XP level 2. HP: 27/27 MP: 1/1
   808 | D:2      | Reached XP level 3. HP: 33/33 MP: 2/2
  1045 | D:2      | Noticed Robin
  1047 | D:2      | Reached skill level 4 in Long Blades
  1060 | D:2      | Killed Robin
  1305 | D:2      | Noticed Sigmund
  1331 | D:2      | Killed Sigmund
  1332 | D:2      | Reached skill level 5 in Fighting
  1332 | D:2      | Reached skill level 5 in Long Blades
  1332 | D:2      | Reached skill level 1 in Throwing
  1332 | D:2      | Reached XP level 4. HP: 27/42 MP: 3/3
  1332 | D:2      | Reached XP level 5. HP: 30/48 MP: 4/4
  1680 | D:3      | Reached XP level 6. HP: 56/56 MP: 5/5
  1711 | D:3      | Reached skill level 6 in Long Blades
  1753 | D:3      | Noticed an ice beast
  1813 | D:2      | Killed an ice beast
  2121 | D:3      | Found a faded altar of an unknown god.
  2163 | D:3      | Found a glowing golden altar of the Shining One.
  2175 | D:3      | Found Sarosch's Book Shoppe.
  2253 | D:3      | Found an iron altar of Okawaru.
  2325 | D:3      | Found an ornate altar of the Wu Jian Council.
  2627 | D:4      | Reached XP level 7. HP: 62/62 MP: 6/6
  2794 | D:4      | Reached skill level 7 in Long Blades
  2954 | D:4      | Found an ancient bone altar of Kikubaaqudgha.
  3194 | D:4      | Identified a scroll of acquirement
  3194 | D:4      | Acquired 1097 gold pieces
  3258 | D:5      | Entered Level 5 of the Dungeon
  3496 | D:5      | Noticed Ijyb
  3499 | D:5      | Killed Ijyb
  3540 | D:5      | Reached skill level 8 in Long Blades
  3566 | D:5      | Found a runed translucent door.
  3566 | D:5      | Noticed a human
  3579 | D:5      | Found a basalt altar of Yredelemnul.
  3606 | D:5      | Found a staircase to the Ecumenical Temple.
  3613 | Temple   | Entered the Ecumenical Temple
  3781 | D:6      | Reached XP level 8. HP: 71/71 MP: 7/7
  3874 | D:6      | Found a shimmering blue altar of Sif Muna.
  3961 | D:6      | Noticed Menkaure
  3980 | D:6      | Killed Menkaure
  3981 | D:6      | Reached skill level 9 in Long Blades
  4792 | D:7      | Noticed Duvessa
  4794 | D:7      | Noticed Dowan
  4803 | D:7      | Killed Duvessa
  4804 | D:7      | Reached skill level 10 in Long Blades
  4804 | D:7      | Reached skill level 5 in Throwing
  4809 | D:7      | Killed Dowan
  4934 | D:7      | Reached XP level 9. HP: 72/81 MP: 8/8
  5167 | D:7      | Found a sand-covered staircase.
  5284 | Ossuary  | Entered an ossuary
  5629 | D:7      | You fall into a shaft and drop 1 floor!
  6121 | D:8      | Identified the +0 leather armour of the Arcane {rElec}
  6139 | D:8      | Reached skill level 11 in Long Blades
  6177 | D:8      | Found a runed translucent door.
  6177 | D:8      | Noticed zenocrate's ghost (novice VSEn)
  6289 | D:8      | Noticed Pikel
  6307 | D:8      | Killed Pikel
  6661 | D:8      | Reached skill level 12 in Long Blades
  7126 | D:8      | Found a snail-covered altar of Cheibriados.
  7129 | D:8      | Became a worshipper of Cheibriados the Contemplative
  7256 | D:8      | Killed zenocrate's ghost
  7257 | D:8      | Reached XP level 10. HP: 59/91 MP: 9/9
  7573 | D:9      | Reached skill level 13 in Long Blades
  7575 | D:9      | Reached skill level 10 in Fighting
  7811 | D:8      | HP: 2/93 [acid dragon (5)]
  7812 | D:8      | Slain by an acid dragon

Illustrated notes

Levels and vault maps discovered:
D:1:      lightli_molten_gateway, layout_basic
D:2:      layout_loops_corners, uniq_sigmund, uniq_robin
D:3:      layout_rooms, mainiacjoe_overflow_two_lobes,
          mainiacjoe_overflow_boulevard, serial_shops,
          nicolae_shop_behind_doors, shapermc_ecumenical_altar_mp_vishouse,
          serial_undead, serial_undead_b, serial_undead_c, serial_undead_e,
          serial_undead_e, serial_undead_a, serial_undead_b, serial_undead_f,
          serial_undead_c, serial_undead_b, serial_undead_e
D:4:      layout_loops_ring, mainiacjoe_overflow_paths
D:5:      layout_rooms, dk_yredelemnul_ordeal, minmay_temple_entry_hall,
          uniq_ijyb
D:6:      layout_rooms, nicolae_sif_muna_little_library,
          kennysheep_cross_bottleneck, uniq_menkaure
D:7:      layout_loops_ring, nicolae_ossuary_entry_false_entrances,
          st_stairs_13, kennysheep_generic_room_11, uniq_duvessa
D:8:      layout_cave_pods, kennysheep_mini, hellmonk_ghost_happy_afterlife,
          hangedman_decor_lopped, uniq_pikel
D:9:      layout_basic, mainiacjoe_overflow_cross_hatched, enter_bailey_8,
          solitary_fountain, abandoned_shop
Temple:   nicolae_temple_superstar

Skill      XL: |  1  2  3  4  5  6  7  8  9 10 |
---------------+-------------------------------+-----
Long Blades    | 3 5 6 8 10 12 13 | 13.5
Fighting       | 4 5 6 8 9 10 | 10.2
Throwing       | 1 2 3 5 6 7 |  7.5
Armour         | |  3.6
Shields        | |  3.6

Action                     |  1- 3 |  4- 6 |  7- 9 | 10-12 || total
---------------------------+-------+-------+-------+-------++-------
  Melee: Long sword        |   109 |    60 |   184 |       ||   353
         Headbutt          |    13 |    12 |    50 |    12 ||    87
         Scimitar          |       |       |    79 |    45 ||   124
  Throw: Boomerang         |       |    28 |    70 |       ||    98
         Stone             |       |       |    13 |       ||    13
    Use: Scroll            |       |     8 |    13 |     1 ||    22
         Potion            |       |     1 |     1 |       ||     2
 Armour: Scale mail        |    59 |    32 |       |       ||    91
         Plate armour      |       |     2 |   185 |    41 ||   228
  Dodge: Dodged            |    65 |    45 |   135 |    39 ||   284
  Block: Buckler           |    29 |    20 |    42 |    12 ||   103
